← All builds
Geo / Armada / Economy first / OBSERVED BUILD

Nuke rush

Armada Geo build order · Supreme Isthmus

Geo commits to an Armageddon nuclear launcher from around 7:48, far earlier than any other role build, aiming it at the enemy base once ready.

Usually blows up the commander for T2 (78%)

#nuke · 32 distinct matches · 8 players · 1% of Armada Geo games · team won 69% of 32 · Recently observed

THE CATCH, AND WHAT COMES WITH IT
  • ArmageddonArmageddon from 7:49 · 1% of role by thenOnly 1% of Geo games have it by then; others who build it get it around 8:05
  • Aircraft PlantAircraft Plant in 53%20% of all Geo games by then

Where those units first fight, in 23 games with kill data: in the enemy base 83%, in the middle 13%.

Those units destroy a typical 9,346 metal of enemy units by 15:00.

Then transitions into blitz (10% of army).

HOW TO PLAY IT

Key timing: Armageddon by 10:00

  1. Run the standard Geo eco opening into geothermal power.
  2. Commit to the Armageddon nuke silo far earlier than usual.
  3. Finish the silo, aimed at the enemy base, and keep it protected.
  4. Build a Vehicle Plant alongside for ground support units.
  5. Stockpile the missile while fielding Starlights for the front.

Phase by phase

TYPICAL OF ITS 32 GAMES · AGAINST STANDARD GEO
  1. 1
  2. 2
  3. 3
  4. 4
  5. 5
PLAY THE OPENING

Follow the example game's first 8:49 step by step: what to build now, what comes next, and where it goes. At 1× it keeps pace with your own game.

  1. 1

    Up to the Bot Lab

    Economy
    • Metal Extractor3Mex
    • Wind Turbine4Wind
    Order
    1. Bot LabBot Lab after 3 mex, 4 winddone ~1:20, middle half 1:13–1:24

    By 1:04 in all: 3 mex · 4 wind

    The example game in this phase · 3 steps
    1. Mex ×3
    2. Wind ×3
    3. Bot LabBot Labdone 1:12 · typical 1:20
  2. 2

    Bot Lab to 5:00

    Economy
    • Metal Extractor1Mex
    • Wind Turbine3Wind
    • Energy Converter9Converter
    • Energy Storage1Energy storage
    Order
    1. Geothermal PowerplantGeo after 4 mex, 4 wind
    2. Bot LabEat Bot Lab
    Builders
    • Construction Turret6 Con turret
    • Lazarus4 Lazarus
    • Construction Bot2 Con bot
    • Construction Bot1 Con bot for allies
    • Lazarus1 Lazarus for allies

    By 5:00 in all: 4 mex · 6 wind · 1 geo · 9 converter · 1 energy storage · 6 con turret

    The example game in this phase · 22 steps
    1. Wind
    2. LazarusLazarus
    3. Wind
    4. LazarusLazarus ×2
    5. Construction BotCon bot
    6. LazarusLazarusfor Beach sea
    7. Construction BotCon bot
    8. LazarusLazarus
    9. Construction BotCon botfor Beach sea
    10. Mex
    11. Geothermal PowerplantGeodone 3:04 · typical 3:27
    12. Energy storage
    13. Con turret
    14. Bot LabEat Bot Labreclaimed for its metal
    15. Con turret ×3
    16. Converter ×5
    17. Con turret
    18. Converter ×4
    19. Wind ×4
    20. Con turret
    21. Wind ×7
    22. Radar TowerRadar Tower
  3. 3

    5:00 to Nuke silo

    Economy
    • Wind Turbine10Wind+9 vs standard
    • Energy Converter6Converter+3 vs standard
    Order
    1. Advanced Geothermal PowerplantAdvanced Geothermal Powerplant after 14 wind, 10 converter, 7 con turret
    2. ArmageddonNuke silo after 20 wind, 15 converter, 8 con turretdone ~9:57, middle half 9:28–10:29
    Builders
    • Construction Turret3 Con turret +2 vs standard
    Other
    • Radar Tower1 Radar Tower

    Some games also: Sentry (38%)

    By 7:48 in all: 4 mex · 20 wind (standard 10) · 1 geo · 1 Advanced Geothermal Powerplant · 15 converter · 1 energy storage

    The example game in this phase · 16 steps
    1. Wind ×4
    2. SentrySentry ×3
    3. Converter
    4. SentrySentry
    5. Converter ×3
    6. Advanced Metal ExtractorT2 mexdone 6:06 · typical 5:46
    7. Converter ×3
    8. Dragon's TeethDragon's Teeth
    9. Converter
    10. Dragon's TeethDragon's Teeth
    11. Advanced Metal ExtractorT2 mex
    12. Dragon's TeethDragon's Teeth ×18
    13. Advanced Metal ExtractorT2 mex ×2
    14. Advanced Geothermal PowerplantAdvanced Geothermal Powerplantdone 7:49 · typical 7:14
    15. Con turret
    16. ArmageddonArmageddondone 9:28 · typical 9:57
  4. 4

    Nuke silo to Aircraft Plant

    Order
    1. Aircraft PlantAircraft Plant after 20 wind, 12 converter, 8 con turretdone ~9:56, middle half 8:59–11:10

    Some games also: wind (50%) · converter (44%) · con turret (41%)

    The standard build makes here, this one skips: 3 wind · 2 converter · 2 Starlight

    By 9:49 in all: 4 mex · 25 wind (standard 17) · 1 geo · 1 Advanced Geothermal Powerplant · 18 converter · 1 energy storage

    The example game in this phase · 11 steps
    1. Vehicle PlantVehicle Plantdone 9:37 · typical 10:03
    2. BlitzBlitzfor Suicide front
    3. Vehicle PlantVehicle Plantdone 9:53
    4. BlitzBlitz ×7for Suicide front
    5. ChainsawChainsaw
    6. BlitzBlitz ×7for Suicide front
    7. ChainsawChainsaw
    8. BlitzBlitz ×6for Suicide front
    9. BlitzBlitz ×8
    10. Vehicle PlantEat Vehicle Plantreclaimed for its metal
    11. Aircraft PlantAircraft Plantdone 11:39 · typical 9:56
  5. 5

    Aircraft Plant to 15:00

    Economy
    • Wind Turbine16Wind
    Order
    1. Aircraft PlantEat Aircraft Plant in 50% of games
    2. Vehicle PlantEat Vehicle Plant in 63% of games

    Some games also: converter (47%) · con turret (44%) · Vehicle Plant (38%) · blitz (31%) · Chainsaw (31%)

    The standard build makes here, this one skips: 5 Jaguar · 2 Starlight

    By 15:00 in all: 4 mex · 46 wind · 1 geo · 1 Advanced Geothermal Powerplant · 21 converter · 1 energy storage

    The example game in this phase · 16 steps
    1. Vehicle PlantEat Vehicle Plantreclaimed for its metal
    2. BlinkScout plane
    3. Con turret
    4. BlinkScout plane ×4
    5. StormbringerBomber ×3
    6. Construction AircraftCon aircraft ×2
    7. Advanced Aircraft PlantAdvanced Aircraft Plantdone 13:01
    8. Construction AircraftCon aircraft
    9. Con turret
    10. LicheLichedone 14:06
    11. Aircraft PlantEat Aircraft Plantreclaimed for its metal
    12. LicheLiche
    13. Advanced Construction AircraftT2 con aircraftfor Beach sea
    14. Advanced Construction AircraftT2 con aircraft
    15. Con turret
    16. Fusion ReactorFusionnot finished by 15:00

Counts are medians over the build's games: half of them build more, half fewer. The example game is Ram_Me_Daddy's (31 OS, 02/10/2026); pick another.

Team trades

IN AT LEAST 30% OF ITS GAMES

You hand over

  • Construction Bot1 Con bot to Beach seafirst at 2:21 · in 81% of games
  • Lazarus1 Lazarus to Beach sea or Suicide front or Pondfirst at 2:27 · in 81% of games

You get

  • Advanced Construction Bot1 T2 con bot from Techfirst at 4:55 · in 100% of games
  • Advanced Metal Extractor1 T2 mex from Tech or Beach seafirst at 5:18 · in 34% of games

How it plays out

Typical game of this build against the role’s standard build, running totals by minute

  • This build
  • Standard geo

Metal produced

020k40k
0:005:0010:0015:00

metal

Enemy metal destroyed

05k10k15k
0:005:0010:0015:00

metal

Own metal lost

02k4k6k
0:005:0010:0015:00

metal

32 games.

Show as table
ByMetal produced: This buildMetal produced: Standard geoEnemy metal destroyed: This buildEnemy metal destroyed: Standard geoOwn metal lost: This buildOwn metal lost: Standard geo
1:003843330000
2:009128590000
3:00149715270000
4:00272226700000
5:00378336940000
6:00596956360000
7:00831280250000
8:0011372113470000
9:001450914406043084
10:0017709172750472130194
11:00208962012301745260520
12:0024374229891736361810301605
13:0027439257338481587215002970
14:00307662858612389824520154420
15:003293431355137841020123155586
WHAT THE NUMBERS SAY

Team won clearly more than the standard build, with massive enemy metal destroyed and very low losses.

  • + Enemy metal destroyed by 15:00 nearly 65% higher than standard (17495 vs 10560)
  • + Own metal lost by 15:00 much lower than standard (2480 vs 5977)
  • − Early game nearly inactive, 21 enemy metal destroyed by 10:00 vs 533 standard
  • − Only reaches this timing in 1% of role games, unproven sample
THE EXAMPLE YOU ARE READING

Ram_Me_Daddy

30.7 OS · 02/10/2026

Open source match ↗

3 received units · includes a constructor
854 metal received · 190785 energy received

Allied construction assistance is unknown. Timings are observations, not a promise of solo reproducibility.

Typical milestones

Bot Lab1:20Middle 50%: 1:13–1:24 · n=32
Geothermal Powerplant3:27Middle 50%: 3:15–3:40 · n=32
Advanced Metal Extractor5:46Middle 50%: 5:32–6:05 · n=32
Advanced Geothermal Powerplant7:14Middle 50%: 7:03–7:39 · n=32
Aircraft Plant9:56Middle 50%: 8:59–11:10 · n=17
Armageddon9:57Middle 50%: 9:28–10:29 · n=28
Vehicle Plant10:03Middle 50%: 8:26–10:38 · n=23

Played most by

PongoPygmaeus11games of this buildRam_Me_Daddy10games of this buildViltrum4games of this buildGraceful2games of this buildYogaBoy1584972games of this build